 Dungeon Crawl Stone Soup version 0.25-a0-1133-g93ebf739aa (webtiles) character file.

Game seed: 16350746454076294429, levelgen mode: deterministic

2 tilp the Vexing (level 1, 0/12 HPs)
             Began as a Kobold Arcane Marksman on May 20, 2020.
             Slain by a hobgoblin
             ... wielding a +0 club
              (5 damage)
             ... on level 1 of the Dungeon.
             The game lasted 00:00:37 (168 turns).

tilp the Vexing (Kobold Arcane Marksman)             Turns: 168, Time: 00:00:37

Health: 0/12       AC:  2    Str:  7    XL:     1   Next: 44%
Magic:  2/2        EV: 15    Int: 14    God:
Gold:   15         SH:  0    Dex: 15    Spells: 1/2 levels left

rFire    . . .     SeeInvis .   a - +0 hand crossbow
rCold    . . .     Gourm    .   (shield restricted)
rNeg     . . .     Faith    .   e - +0 robe
rPois    .         Spirit   .   (no helmet)
rElec    .         Reflect  .   (no cloak)
rCorr    .         Harm     .   (no gloves)
MR       .....                  (no boots)
Stlth    +.........             (no amulet)
HPRegen  0.04/turn              (no ring)
MPRegen  0.08/turn              (no ring)

@: no status effects
A: small, carnivore
a: no special abilities


You were on level 1 of the Dungeon.
You were full.

You visited 1 branch of the dungeon, and saw 1 of its levels.

You collected 15 gold pieces.

Inventory:

Hand Weapons
 a - a +0 hand crossbow (weapon)
 b - a +0 dagger
 g - a +0 hand axe
Missiles
 d - 17 bolts (quivered)
Armour
 e - a +0 robe (worn)
Jewellery
 i - an uncursed ring of protection from fire {unknown}
Scrolls
 h - 3 scrolls of remove curse {unknown}
 j - a scroll of identify {unknown}
Potions
 f - a potion of flight {unknown}
Comestibles
 c - 3 rations


   Skills:
 + Level 1.5 Fighting
 - Level 2.4 Crossbows
 - Level 2.4 Dodging
 - Level 1.1 Spellcasting
 - Level 3.0 Hexes


You had one spell level left.
You knew the following spells:

 Your Spells              Type           Power        Failure   Level  Hunger
a - Corona                Hex            #......      8%          1    ##.....

Your spell library contained the following spells:

 Spells                   Type           Power        Failure   Level  Hunger
 Slow                     Hex            #.......     12%         2    ###....
 Inner Flame              Hex/Fire       #.......     38%         3    ####...
 Portal Projectile        Hex/Tloc       #.....       38%         3    ####...
 Cause Fear               Hex            #.........   58%         4    #####..
 Leda's Liquefaction      Hex/Erth       #.........   80%         4    #####..


Dungeon Overview and Level Annotations

Branches:
Dungeon (1/15)

Altars:


Innate Abilities, Weirdness & Mutations

You are small and have problems with some larger weapons.
You are carnivorous and can eat meat at any time.


Message History

Okay, then.
Firing (i - inventory) No suitable missiles.
Press: ? - help, Shift-Dir - straight line, f/p - hobgoblin
Aim: a hobgoblin, wielding a +0 club
Okay, then.
a - a +0 hand crossbow (weapon)
The hobgoblin barely misses you.
Firing (i - inventory)
d - 19 bolts (quivered)
Press: ? - help, Shift-Dir - straight line, f/p - hobgoblin
Aim: a hobgoblin, wielding a +0 club You shoot a bolt.
The bolt closely misses the hobgoblin.
The hobgoblin hits you with a +0 club.
* * * LOW HITPOINT WARNING * * *
Firing (i - inventory)
d - 18 bolts (quivered)
Press: ? - help, Shift-Dir - straight line, f/p - hobgoblin
Aim: a hobgoblin, wielding a +0 club You shoot a bolt.
The bolt hits the hobgoblin but does no damage.
The hobgoblin hits you with a +0 club.
You die...

#.#...........#....###
#.##.8.8.8.8.#####....
#.###.#...#.## #....
#.####.....## #.#.(
#....##...### #.#.#
#####.##'##.# ##...
#.#.....# ##.#
#.###.### #.. #@#
#.##########.. #g#
#.##.......... #.#
#.##.########. #.#
#.##.########. .(#
#............. ###
####.######### #.# #.#
#.#


You could see a hobgoblin.

Vanquished Creatures
  A giant cockroach (D:1)
  A kobold (D:1)
  A rat (D:1)
3 creatures vanquished.

Notes
Turn   | Place    | Note
-------+----------+-------------------------------------------
     0 | D:1      | tilp the Kobold Arcane Marksman began the quest for the
                  | Orb.
     0 | D:1      | Reached XP level 1. HP: 12/12 MP: 2/2
   168 | D:1      | Slain by a hobgoblin

Illustrated notes

Levels and vault maps discovered:
D:1:      wheals_arrival_shading, layout_loops_ring, serial_park_tiny_pond,
          dk_noncrumbling_3

Action                   || total
-------------------------++-------
Melee: Dagger            ||     5
 Fire: Hand crossbow     ||    10
  Eat: Chunk             ||     3
Armor: Robe              ||     1
Dodge: Dodged            ||     4

Table legend:
 A = Non-vault XP
 B = Vault XP
 C = Vault XP percentage of total XP
 D = Non-vault monster count
 E = Vault monster count
 F = Vault count percentage of total count
                 A         B        C        D         E       F
            +---------+---------+-------+---------+---------+-------
      Total |       4 |       0 |   0.0 |       3 |       0 |   0.0
            +---------+---------+-------+---------+---------+-------
        D:1 |       4 |       0 |   0.0 |       3 |       0 |   0.0
            +---------+---------+-------+---------+---------+-------
